3L
HOUSTON 1837 BBC @ PORTLAND EVERGREENS
06/02/2029
 
TOP OF THE 1ST
Houston 1837 BBC batting - Pitching for Portland Evergreens : RHP Ryan Peterson
Pitching: RHP Ryan Peterson
Batting: LHB Damian Delaney 0-0: Called Strike
0-1: Ball
1-1: Swinging Strike
1-2: Fly out, F9 (Flyball, 89D)
Batting: LHB Mike Hanson 0-0: Foul Ball, location: 2F
0-1: Swinging Strike
0-2: Foul Ball, location: 2F
0-2: Ball
1-2: Strikes out swinging
Batting: RHB John Downing 0-0: Ball
1-0: Foul Ball, location: 2F
1-1: Ball
2-1: Called Strike
2-2: Strikes out swinging
Top of the 1st over - 0 runs, 0 hits, 0 errors, 0 left on base; Houston 0 - Portland 0
BOTTOM OF THE 1ST
Portland Evergreens batting - Pitching for Houston 1837 BBC : RHP Martín Valverde
Pitching: RHP Martín Valverde
Batting: LHB John Ennis 0-0: Called Strike
0-1: Ball
1-1: Ball
2-1: Ball
3-1: Base on Balls
Batting: LHB Adrián Gómez 0-0: Swinging Strike
0-1: Ball
1-1: Ball
John Ennis is caught stealing 2nd base
2-1: Called Strike
2-2: Strikes out swinging
Batting: LHB Chris Payling 0-0: Foul Ball, location: 2F
0-1: Called Strike
0-2: SOLO HOME RUN (Flyball, 9D), Distance : 402 ft
Batting: LHB Shahid Afridi 0-0: Ball
1-0: Called Strike
1-1: Ball
2-1: SOLO HOME RUN (Flyball, 9LD), Distance : 383 ft
Batting: RHB Ty Struck 0-0: Ball
1-0: Foul Ball, location: 2F
1-1: Swinging Strike
1-2: Foul Ball, location: 2F
1-2: Foul Ball, location: 2F
1-2: Fly out, F9 (Flyball, 9S)
Bottom of the 1st over - 2 runs, 2 hits, 0 errors, 0 left on base; Houston 0 - Portland 2
TOP OF THE 2ND
Houston 1837 BBC batting - Pitching for Portland Evergreens : RHP Ryan Peterson
Batting: RHB Bob Dickerson 0-0: Ball
1-0: Called Strike
1-1: Foul Ball, location: 2F
1-2: Ball
2-2: Strikes out looking
Batting: LHB Scott Kerin 0-0: Called Strike
0-1: DOUBLE (Flyball, 8RXD)
Batting: SHB Galtero Suárez 0-0: Ball
1-0: 2-RUN HOME RUN (Flyball, 7LD), Distance : 371 ft
Batting: LHB Guillermo Arellano 0-0: Ball
1-0: Ball
2-0: Ball
3-0: Base on Balls
Batting: RHB David Gómez 0-0: Called Strike
0-1: Ball
1-1: Foul Ball, location: 2F
1-2: Fielders Choice at 2nd, 1-6 (Groundball, 13)
Batting: RHB Rubén Marino 0-0: Called Strike
0-1: Ball
1-1: Ball
2-1: Fly out, F7 (Flyball, 7S)
Top of the 2nd over - 2 runs, 2 hits, 0 errors, 1 left on base; Houston 2 - Portland 2
BOTTOM OF THE 2ND
Portland Evergreens batting - Pitching for Houston 1837 BBC : RHP Martín Valverde
Batting: RHB Micah Coffey 0-0: Ball
1-0: Foul Ball, location: 2F
1-1: Swinging Strike
1-2: Ball
2-2: Ground out 1-3 (Groundball, 15)
Batting: SHB Chris Williamson 0-0: Called Strike
0-1: Foul Ball, location: 2F
0-2: Ball
1-2: Strikes out swinging
Batting: RHB Gabrio Campoverde 0-0: Called Strike
0-1: Called Strike
0-2: Foul Ball, location: 2F
0-2: Fly out, F5 (Popup, 56)
Bottom of the 2nd over - 0 runs, 0 hits, 0 errors, 0 left on base; Houston 2 - Portland 2
TOP OF THE 3RD
Houston 1837 BBC batting - Pitching for Portland Evergreens : RHP Ryan Peterson
Batting: LHB Damian Delaney 0-0: Hit by Pitch
Batting: LHB Mike Hanson 0-0: Called Strike
Damian Delaney steals 2nd base
0-1: Ball
1-1: Foul Ball, location: 2F
1-2: Foul Ball, location: 2F
1-2: Foul Ball, location: 2F
1-2: Strikes out looking
Batting: RHB John Downing 0-0: Called Strike
0-1: Ball
1-1: Ground out 5-3 (Groundball, 56)
Batting: RHB Bob Dickerson 0-0: Ball
1-0: Ball
2-0: Called Strike
2-1: Ball
3-1: Ground out 5-3 (Groundball, 56)
Top of the 3rd over - 0 runs, 0 hits, 0 errors, 1 left on base; Houston 2 - Portland 2
BOTTOM OF THE 3RD
Portland Evergreens batting - Pitching for Houston 1837 BBC : RHP Martín Valverde
Batting: RHB Nelson Jaramillo 0-0: Ball
1-0: Foul Ball, location: 2F
1-1: Ball
2-1: Ball
3-1: SINGLE (Groundball, 4MD)
Batting: LHB John Ennis 0-0: Ball
1-0: Foul Ball, location: 2F
1-1: Ball
2-1: Foul Ball, location: 2F
2-2: Foul Ball, location: 2F
2-2: Ball
3-2: Base on Balls
Nelson Jaramillo to second
Batting: LHB Adrián Gómez 0-0: Called Strike
0-1: Fly out, F8 (Flyball, 8LD)
Batting: LHB Chris Payling 0-0: Fielders Choice at 2nd, 4-6 (Groundball, 4M)
Nelson Jaramillo to third
Batting: LHB Shahid Afridi 0-0: Ball
1-0: Swinging Strike
1-1: Ground out 1-3 (Groundball, 13S)
Bottom of the 3rd over - 0 runs, 1 hit, 0 errors, 2 left on base; Houston 2 - Portland 2
TOP OF THE 4TH
Houston 1837 BBC batting - Pitching for Portland Evergreens : RHP Ryan Peterson
Batting: LHB Scott Kerin 0-0: Ball
1-0: Fly out, F8 (Flyball, 89D)
Batting: SHB Galtero Suárez 0-0: Swinging Strike
0-1: Ball
1-1: Ball
2-1: Foul Ball, location: 2F
2-2: Strikes out swinging, 2-3 out at first.
Batting: LHB Guillermo Arellano 0-0: Called Strike
0-1: SINGLE (Groundball, 4MD)
Batting: RHB David Gómez 0-0: Hit by Pitch
Guillermo Arellano to second
Batting: RHB Rubén Marino 0-0: Fielders Choice at 2nd, 6-4 (Groundball, 6)
Top of the 4th over - 0 runs, 1 hit, 0 errors, 2 left on base; Houston 2 - Portland 2
BOTTOM OF THE 4TH
Portland Evergreens batting - Pitching for Houston 1837 BBC : RHP Martín Valverde
Batting: RHB Ty Struck 0-0: Ball
1-0: SINGLE (Groundball, 56D)
Batting: RHB Micah Coffey 0-0: Called Strike
0-1: Swinging Strike
0-2: Ball
1-2: Strikes out looking
Batting: SHB Chris Williamson 0-0: Fly out, F8 (Flyball, 8LD)
Batting: RHB Gabrio Campoverde 0-0: Called Strike
0-1: Foul Ball, location: 2F
0-2: Foul Ball, location: 2F
0-2: SINGLE (Flyball, 7LM)
Ty Struck to second
Batting: RHB Nelson Jaramillo 0-0: Ball
1-0: Called Strike
1-1: Foul Ball, location: 2F
1-2: Ball
2-2: Foul Ball, location: 2F
2-2: Ball
3-2: Strikes out swinging
Bottom of the 4th over - 0 runs, 2 hits, 0 errors, 2 left on base; Houston 2 - Portland 2
TOP OF THE 5TH
Houston 1837 BBC batting - Pitching for Portland Evergreens : RHP Ryan Peterson
Batting: LHB Damian Delaney 0-0: Ball
1-0: Ball
2-0: Swinging Strike
2-1: Reached on error, E5 (Groundball, 56)
Batting: LHB Mike Hanson 0-0: Bunted foul
0-1: Ball
1-1: Sac Bunt - play at first, batter OUT! 5-4
Damian Delaney to second
Batting: RHB John Downing 0-0: Ball
1-0: Foul Ball, location: 2F
1-1: Foul Ball, location: 2F
1-2: Strikes out swinging
Batting: RHB Bob Dickerson 0-0: Ball
1-0: Foul Ball, location: 2F
1-1: Ball
2-1: Ball
3-1: Called Strike
3-2: Foul Ball, location: 2F
3-2: Fly out, F8 (Flyball, 8LS)
Top of the 5th over - 0 runs, 0 hits, 1 error, 1 left on base; Houston 2 - Portland 2
BOTTOM OF THE 5TH
Portland Evergreens batting - Pitching for Houston 1837 BBC : RHP Martín Valverde
Batting: LHB John Ennis 0-0: Ball
1-0: Swinging Strike
1-1: Ball
2-1: Ball
3-1: Base on Balls
Batting: LHB Adrián Gómez 0-0: Ball
1-0: Ball
2-0: Ball
3-0: Called Strike
3-1: Foul Ball, location: 2F
3-2: Grounds into double play, 5-4-3 (Groundball, 56)
Batting: LHB Chris Payling 0-0: Ground out 4-3 (Groundball, 4M)
Bottom of the 5th over - 0 runs, 0 hits, 0 errors, 0 left on base; Houston 2 - Portland 2
TOP OF THE 6TH
Houston 1837 BBC batting - Pitching for Portland Evergreens : RHP Ryan Peterson
Batting: LHB Scott Kerin 0-0: Ball
1-0: Foul Ball, location: 2F
1-1: Foul Ball, location: 2F
1-2: Ball
2-2: Ground out 4-3 (Groundball, 4)
Batting: SHB Galtero Suárez 0-0: Ball
1-0: Ball
2-0: Foul Ball, location: 2F
2-1: SINGLE (Line Drive, 56D)
Batting: LHB Guillermo Arellano 0-0: Called Strike
0-1: 2-RUN HOME RUN (Flyball, 9D), Distance : 397 ft
Pitching: RHP Lou Hartling
Batting: RHB David Gómez 0-0: Called Strike
0-1: Swinging Strike
0-2: Ball
1-2: Ball
2-2: Fly out, F7 (Flyball, 7D)
Batting: RHB Rubén Marino 0-0: Called Strike
0-1: Ball
1-1: Called Strike
1-2: Strikes out swinging
Top of the 6th over - 2 runs, 2 hits, 0 errors, 0 left on base; Houston 4 - Portland 2
BOTTOM OF THE 6TH
Portland Evergreens batting - Pitching for Houston 1837 BBC : RHP Martín Valverde
Batting: LHB Shahid Afridi 0-0: Called Strike
0-1: Foul Ball, location: 2F
0-2: Strikes out looking
Batting: RHB Ty Struck 0-0: Ball
1-0: Ball
2-0: Ground out 6-3 (Groundball, 6)
Pitching: RHP Emil Olsson
Batting: RHB Micah Coffey 0-0: Foul Ball, location: 2F
0-1: Foul Ball, location: 2F
0-2: Ball
1-2: Ball
2-2: Fly out, F7 (Line Drive, 78S)
Bottom of the 6th over - 0 runs, 0 hits, 0 errors, 0 left on base; Houston 4 - Portland 2
TOP OF THE 7TH
Houston 1837 BBC batting - Pitching for Portland Evergreens : RHP Lou Hartling
Pitching: RHP Gene Kirkland
Batting: LHB Damian Delaney 0-0: Swinging Strike
0-1: Ball
1-1: Ground out 4-3 (Groundball, 4)
Batting: LHB Mike Hanson 0-0: Ball
1-0: Foul Ball, location: 2F
1-1: Foul Ball, location: 2F
1-2: Ball
2-2: Ball
3-2: Strikes out swinging
Batting: RHB John Downing 0-0: Called Strike
0-1: Swinging Strike
0-2: Ball
1-2: Ball
2-2: Ball
3-2: Base on Balls
Batting: RHB Bob Dickerson 0-0: Ball
1-0: Called Strike
1-1: Foul Ball, location: 2F
1-2: Strikes out swinging
Top of the 7th over - 0 runs, 0 hits, 0 errors, 1 left on base; Houston 4 - Portland 2
BOTTOM OF THE 7TH
Portland Evergreens batting - Pitching for Houston 1837 BBC : RHP Emil Olsson
Batting: SHB Chris Williamson 0-0: Fly out, F7 (Flyball, 7S)
Batting: RHB Gabrio Campoverde 0-0: Called Strike
0-1: Ball
1-1: Ball
2-1: Foul Ball, location: 2F
2-2: SOLO HOME RUN (Flyball, 78XD), Distance : 402 ft
Batting: RHB Nelson Jaramillo 0-0: Foul Ball, location: 2F
0-1: Swinging Strike
0-2: Strikes out swinging
Batting: LHB John Ennis 0-0: Called Strike
0-1: Foul Ball, location: 2F
0-2: Ball
1-2: Ball
2-2: Foul Ball, location: 2F
2-2: Ball
3-2: SOLO HOME RUN (Flyball, 89XD), Distance : 413 ft
Batting: LHB Adrián Gómez 0-0: Called Strike
0-1: Called Strike
0-2: Strikes out looking
Bottom of the 7th over - 2 runs, 2 hits, 0 errors, 0 left on base; Houston 4 - Portland 4
TOP OF THE 8TH
Houston 1837 BBC batting - Pitching for Portland Evergreens : RHP Gene Kirkland
Batting: LHB Scott Kerin 0-0: Called Strike
0-1: Foul Ball, location: 2F
0-2: Ball
1-2: Strikes out swinging, 2-3 out at first.
Batting: SHB Galtero Suárez 0-0: Called Strike
0-1: Ball
1-1: Foul Ball, location: 2F
1-2: Ball
2-2: Strikes out swinging
Batting: LHB Guillermo Arellano 0-0: Swinging Strike
0-1: SINGLE (Line Drive, 9S)
Batting: RHB David Gómez 0-0: Called Strike
0-1: Called Strike
0-2: Fly out, F5 (Line Drive, 56)
Top of the 8th over - 0 runs, 1 hit, 0 errors, 1 left on base; Houston 4 - Portland 4
BOTTOM OF THE 8TH
Portland Evergreens batting - Pitching for Houston 1837 BBC : RHP Emil Olsson
Batting: LHB Chris Payling 0-0: Foul Ball, location: 2F
0-1: Ball
1-1: Foul Ball, location: 2F
1-2: Foul Ball, location: 2F
1-2: Ball
2-2: Strikes out looking
Pitching: RHP Jack Carr
Batting: LHB Shahid Afridi 0-0: Ball
1-0: Ball
2-0: Called Strike
2-1: DOUBLE (Flyball, 9LD)
Pinch Hitting: LHB Charles Mathes 0-0: Called Strike
0-1: Fly out, F7 (Flyball, 7D)
Runner from 2nd tags up, SAFE at 3rd, no throw
Batting: RHB Micah Coffey 0-0: Ball
1-0: Fly out, F8 (Flyball, 89XD)
Bottom of the 8th over - 0 runs, 1 hit, 0 errors, 1 left on base; Houston 4 - Portland 4
TOP OF THE 9TH
Houston 1837 BBC batting - Pitching for Portland Evergreens : RHP Gene Kirkland
Now at 3B: Frank Crocker
Batting: RHB Rubén Marino 0-0: SINGLE (Line Drive, 56)
Batting: LHB Damian Delaney 0-0: Foul Ball, location: 2F
0-1: Ball
1-1: Ball
2-1: Called Strike
2-2: Ball
3-2: Foul Ball, location: 2F
3-2: Foul Ball, location: 2F
3-2: Foul Ball, location: 2F
3-2: Strikes out swinging
Pitching: LHP Shinzo Kumagai
Batting: LHB Mike Hanson 0-0: Ball
1-0: Called Strike
1-1: Foul Ball, location: 2F
1-2: Ball
2-2: Fly out, F9 (Flyball, 9D)
Batting: RHB John Downing 0-0: Ball
1-0: Foul Ball, location: 2F
1-1: Ball
2-1: Swinging Strike
2-2: Strikes out looking
Top of the 9th over - 0 runs, 1 hit, 0 errors, 1 left on base; Houston 4 - Portland 4
BOTTOM OF THE 9TH
Portland Evergreens batting - Pitching for Houston 1837 BBC : RHP Jack Carr
Pitching: RHP Francisco García
Batting: SHB Chris Williamson 0-0: Ball
1-0: Ball
2-0: Ball
3-0: Called Strike
3-1: Called Strike
3-2: Foul Ball, location: 2F
3-2: Base on Balls
Batting: RHB Gabrio Campoverde 0-0: Called Strike
0-1: Ball
1-1: Ball
2-1: Ground out 5-3 (Groundball, 56S)
Chris Williamson to second
Batting: RHB Nelson Jaramillo 0-0: Ball
1-0: Fly out, F7 (Line Drive, 7)
Batting: LHB John Ennis 0-0: Fly out, F7 (Flyball, 7LM)
Bottom of the 9th over - 0 runs, 0 hits, 0 errors, 1 left on base; Houston 4 - Portland 4
TOP OF THE 10TH
Houston 1837 BBC batting - Pitching for Portland Evergreens : LHP Shinzo Kumagai
Batting: RHB Bob Dickerson 0-0: Called Strike
0-1: Foul Ball, location: 2F
0-2: Strikes out swinging
Batting: LHB Scott Kerin 0-0: Called Strike
0-1: Ball
1-1: Foul Ball, location: 2F
1-2: Ground out 1-3 (Groundball, 13)
Batting: SHB Galtero Suárez 0-0: Called Strike
0-1: Ball
1-1: Foul Ball, location: 2F
1-2: Strikes out swinging
Top of the 10th over - 0 runs, 0 hits, 0 errors, 0 left on base; Houston 4 - Portland 4
BOTTOM OF THE 10TH
Portland Evergreens batting - Pitching for Houston 1837 BBC : RHP Francisco García
Batting: LHB Adrián Gómez 0-0: Foul Ball, location: 2F
0-1: Ball
1-1: Ball
2-1: Ball
3-1: Fly out, F6 (Popup, 56)
Batting: LHB Chris Payling 0-0: Called Strike
0-1: Swinging Strike
0-2: Ball
1-2: Ground out U3 (Groundball, 3)
Batting: LHB Shahid Afridi 0-0: Foul Ball, location: 2F
0-1: SINGLE (Line Drive, 89S)
Pitching: RHP Mike Farrell
Batting: RHB Frank Crocker 0-0: Fielders Choice at 2nd, 6-4 (Groundball, 6)
Bottom of the 10th over - 0 runs, 1 hit, 0 errors, 1 left on base; Houston 4 - Portland 4
TOP OF THE 11TH
Houston 1837 BBC batting - Pitching for Portland Evergreens : LHP Shinzo Kumagai
Pinch Hitting: RHB Kumanosuke Abe 0-0: Called Strike
0-1: Foul Ball, location: 2F
0-2: Ball
1-2: Foul Ball, location: 2F
1-2: Strikes out looking
Batting: RHB David Gómez 0-0: Ball
1-0: Swinging Strike
1-1: Called Strike
1-2: Ball
2-2: Ball
3-2: Foul Ball, location: 2F
3-2: Foul Ball, location: 2F
3-2: Foul Ball, location: 2F
3-2: Strikes out swinging
Batting: RHB Rubén Marino 0-0: Ball
1-0: Ball
2-0: Called Strike
2-1: Ball
3-1: Fly out, F6 (Line Drive, 6)
Top of the 11th over - 0 runs, 0 hits, 0 errors, 0 left on base; Houston 4 - Portland 4
BOTTOM OF THE 11TH
Portland Evergreens batting - Pitching for Houston 1837 BBC : RHP Mike Farrell
Now at 1B: Luis Tapia
Batting: RHB Micah Coffey 0-0: Called Strike
0-1: Called Strike
0-2: Ball
1-2: Ball
2-2: Fly out, F4 (Popup, 4S)
Batting: SHB Chris Williamson 0-0: Ball
1-0: Foul Ball, location: 2F
1-1: Ball
2-1: Ground out 3-1 (Groundball, 34)
Batting: RHB Gabrio Campoverde 0-0: Called Strike
0-1: Ball
1-1: Swinging Strike
1-2: Foul Ball, location: 2F
1-2: Ground out 5-3 (Groundball, 5)
Bottom of the 11th over - 0 runs, 0 hits, 0 errors, 0 left on base; Houston 4 - Portland 4
TOP OF THE 12TH
Houston 1837 BBC batting - Pitching for Portland Evergreens : LHP Shinzo Kumagai
Pitching: RHP Miguel Cervantes
Batting: LHB Damian Delaney 0-0: Called Strike
0-1: Ground out 6-3 (Groundball, 6)
Batting: LHB Mike Hanson 0-0: Foul Ball, location: 2F
0-1: Swinging Strike
0-2: SINGLE (Groundball, 34D)
Batting: RHB John Downing 0-0: Ball
1-0: Ball
2-0: Grounds into double play, 1-6-3 (Groundball, P)
Top of the 12th over - 0 runs, 1 hit, 0 errors, 0 left on base; Houston 4 - Portland 4
BOTTOM OF THE 12TH
Portland Evergreens batting - Pitching for Houston 1837 BBC : RHP Mike Farrell
Batting: RHB Nelson Jaramillo 0-0: Ball
1-0: Ball
2-0: Foul Ball, location: 2F
2-1: Swinging Strike
2-2: Ball
3-2: Foul Ball, location: 2F
3-2: Fly out, F7 (Flyball, 78S)
Batting: LHB John Ennis 0-0: Called Strike
0-1: Foul Ball, location: 2F
0-2: Ball
1-2: Ball
2-2: Fly out, F8 (Flyball, 78D)
Batting: LHB Adrián Gómez 0-0: SINGLE (Groundball, 6MD)
Pitching: LHP Phil Miles
Pinch Runner at 1st Silvio Bonauiti:
Batting: LHB Chris Payling 0-0: Called Strike
0-1: Foul Ball, location: 2F
0-2: Ball
1-2: Ball
2-2: Foul Ball, location: 2F
2-2: Fly out, F7 (Flyball, 7)
Bottom of the 12th over - 0 runs, 1 hit, 0 errors, 1 left on base; Houston 4 - Portland 4
TOP OF THE 13TH
Houston 1837 BBC batting - Pitching for Portland Evergreens : RHP Miguel Cervantes
Now at C: Joram Nelen
Batting: RHB Bob Dickerson 0-0: Swinging Strike
0-1: Swinging Strike
0-2: Foul Ball, location: 2F
0-2: Ground out 6-3 (Groundball, 6M)
Batting: LHB Scott Kerin 0-0: Called Strike
0-1: Ball
1-1: Called Strike
1-2: Foul Ball, location: 2F
1-2: Ball
2-2: Fly out, F5 (Popup, 5SF)
Batting: SHB Galtero Suárez 0-0: Called Strike
0-1: Ground out 4-3 (Groundball, 4S)
Top of the 13th over - 0 runs, 0 hits, 0 errors, 0 left on base; Houston 4 - Portland 4
BOTTOM OF THE 13TH
Portland Evergreens batting - Pitching for Houston 1837 BBC : LHP Phil Miles
Batting: LHB Shahid Afridi 0-0: Called Strike
0-1: Swinging Strike
0-2: Ball
1-2: Strikes out swinging
Batting: RHB Frank Crocker 0-0: Ball
1-0: Called Strike
1-1: Called Strike
1-2: Foul Ball, location: 2F
1-2: Ground out 4-3 (Groundball, 4)
Batting: RHB Micah Coffey 0-0: SINGLE (Flyball, 89M)
Batting: SHB Chris Williamson 0-0: Called Strike
0-1: Ball
1-1: Ball
2-1: Ball
3-1: Ground out 6-3 (Groundball, 6M)
Bottom of the 13th over - 0 runs, 1 hit, 0 errors, 1 left on base; Houston 4 - Portland 4
TOP OF THE 14TH
Houston 1837 BBC batting - Pitching for Portland Evergreens : RHP Miguel Cervantes
Pitching: RHP Ricardo Gómez
Batting: RHB Luis Tapia 0-0: Ground out U3 (Groundball, 3)
Batting: RHB David Gómez 0-0: Ball
1-0: Ball
2-0: Called Strike
2-1: Ball
3-1: Foul Ball, location: 2F
3-2: Strikes out swinging
Batting: RHB Rubén Marino 0-0: Foul Ball, location: 2F
0-1: Fly out, F6 (Line Drive, 6)
Top of the 14th over - 0 runs, 0 hits, 0 errors, 0 left on base; Houston 4 - Portland 4
BOTTOM OF THE 14TH
Portland Evergreens batting - Pitching for Houston 1837 BBC : LHP Phil Miles
Batting: RHB Gabrio Campoverde 0-0: Called Strike
0-1: Called Strike
0-2: Strikes out swinging
Batting: RHB Nelson Jaramillo 0-0: Ball
1-0: Ball
2-0: Foul Ball, location: 2F
2-1: Ball
3-1: Ground out 6-3 (Groundball, 6M)
Batting: LHB John Ennis 0-0: Ball
1-0: Ground out 6-3 (Groundball, 6M)
Bottom of the 14th over - 0 runs, 0 hits, 0 errors, 0 left on base; Houston 4 - Portland 4
TOP OF THE 15TH
Houston 1837 BBC batting - Pitching for Portland Evergreens : RHP Ricardo Gómez
Batting: LHB Damian Delaney 0-0: Foul Ball, location: 2F
0-1: Foul Ball, location: 2F
0-2: Ball
1-2: Strikes out looking
Batting: LHB Mike Hanson 0-0: Ball
1-0: Ball
2-0: Foul Ball, location: 2F
2-1: Ground out U3 (Groundball, 34)
Batting: RHB John Downing 0-0: Called Strike
0-1: Ball
1-1: Ball
2-1: Swinging Strike
2-2: Foul Ball, location: 2F
2-2: Strikes out swinging
Top of the 15th over - 0 runs, 0 hits, 0 errors, 0 left on base; Houston 4 - Portland 4
BOTTOM OF THE 15TH
Portland Evergreens batting - Pitching for Houston 1837 BBC : LHP Phil Miles
Pitching: LHP Damien Scudder
Batting: LHB Joram Nelen 0-0: Ball
1-0: SINGLE (Groundball, 4D)
Batting: LHB Chris Payling 0-0: Ball
1-0: Ball
2-0: Called Strike
2-1: Foul Ball, location: 2F
2-2: Ball
3-2: SINGLE (Line Drive, 6)
Joram Nelen to second
Batting: LHB Shahid Afridi 0-0: Fielders Choice at 2nd, 4-6 (Groundball, 4)
Joram Nelen to third
Batting: RHB Frank Crocker 0-0: Ball
1-0: Ball
2-0: Ball
3-0: Base on Balls
Shahid Afridi to second
Batting: RHB Micah Coffey 0-0: Swinging Strike
0-1: Ball
1-1: Foul Ball, location: 2F
1-2: Foul Ball, location: 2F
1-2: Grounds into fielders choice 6-2 (Groundball, 6)
Shahid Afridi to third
Frank Crocker to second
Batting: SHB Chris Williamson 0-0: Called Strike
0-1: Ball
1-1: SINGLE (Groundball, 56D)
Shahid Afridi scores
Tuesday, December 19th, 2017 - OOTP Baseball 18.8 Build 76